AAA
ALLENTOWN A'S @ QUEBEC FIGHTING QUAKERS
05/05/2060
 
TOP OF THE 1ST
Allentown A's batting - Pitching for Quebec Fighting Quakers : RHP Ky Forbes
Pitching: RHP Ky Forbes
Batting: RHB Tracy Wick 0-0: Ball
1-0: Ball
2-0: Foul Ball, location: 2F
2-1: Fly out, F8 (Flyball, 8LS, EV 91.9 MPH)
Batting: SHB Gage Wilson 0-0: Ball
1-0: Swinging Strike
1-1: Foul Ball, location: 2F
1-2: Ball
2-2: Foul Ball, location: 2F
2-2: Strikes out swinging
Batting: LHB Spencer Murdock 0-0: Called Strike
0-1: Swinging Strike
0-2: Foul Ball, location: 2F
0-2: Foul Ball, location: 2F
0-2: Ground out 6-3 (Groundball, 6, EV 82.5 MPH)
Top of the 1st over - 0 runs, 0 hits, 0 errors, 0 left on base; Allentown 0 - Quebec 0
BOTTOM OF THE 1ST
Quebec Fighting Quakers batting - Pitching for Allentown A's : RHP Dylon Jenkins
Pitching: RHP Dylon Jenkins
Batting: LHB Hazen Jimenez 0-0: Ball
1-0: Ball
2-0: Called Strike
2-1: Called Strike
2-2: Ground out 4-3 (Groundball, 4D, EV 106.2 MPH)
Batting: LHB Kaleb Roelofs 0-0: Foul Ball, location: 2F
0-1: Ball
1-1: Ball
2-1: Foul Ball, location: 2F
2-2: Foul Ball, location: 2F
2-2: Ball
3-2: Foul Ball, location: 2F
3-2: Foul Ball, location: 2F
3-2: Ground out 4-3 (Groundball, 4, EV 84.4 MPH)
Batting: RHB Evan Bocian 0-0: Ball
1-0: Ball
2-0: Called Strike
2-1: Fly out, F9 (Line Drive, 89S, EV 93.1 MPH)
Bottom of the 1st over - 0 runs, 0 hits, 0 errors, 0 left on base; Allentown 0 - Quebec 0
TOP OF THE 2ND
Allentown A's batting - Pitching for Quebec Fighting Quakers : RHP Ky Forbes
Batting: RHB Logan Barbee 0-0: Fly out, F8 (Flyball, 8RD, EV 100.6 MPH)
Batting: LHB Cole Marshall 0-0: Ball
1-0: Called Strike
1-1: Ball
2-1: Foul Ball, location: 2F
2-2: Strikes out swinging
Batting: RHB John Jones 0-0: Called Strike
0-1: Foul Ball, location: 2F
0-2: Ball
1-2: Ball
2-2: SINGLE (Groundball, 56D, EV 94.4 MPH)
Batting: LHB Beau Jindrisek 0-0: Ball
John Jones steals 2nd base
1-0: Called Strike
1-1: Ball
2-1: DOUBLE (Line Drive, 9LD, EV 114.4 MPH)
John Jones scores
Batting: RHB Freeman Chavez 0-0: Ball
1-0: Called Strike
1-1: Foul Ball, location: 2F
1-2: Fly out, F9 (Flyball, 89M, EV 83.8 MPH)
Top of the 2nd over - 1 run, 2 hits, 0 errors, 1 left on base; Allentown 1 - Quebec 0
BOTTOM OF THE 2ND
Quebec Fighting Quakers batting - Pitching for Allentown A's : RHP Dylon Jenkins
Batting: LHB Kevyn O'Flynn 0-0: Ball
1-0: Ball
2-0: Ball
3-0: Called Strike
3-1: Called Strike
3-2: Base on Balls
Batting: RHB TeMarcus Turner 0-0: Swinging Strike
0-1: Ball
1-1: Ball
2-1: Swinging Strike
2-2: Ball
3-2: Foul Ball, location: 2F
3-2: Foul Ball, location: 2F
3-2: Foul Ball, location: 2F
3-2: Strikes out swinging
Kevyn O'Flynn steals 2nd base
Batter strikes out.
Batting: LHB Roshown Guillen 0-0: Ball
1-0: SINGLE (Flyball, 6MD, EV 92.5 MPH)
Kevyn O'Flynn to third
Batting: RHB Andy Christman 0-0: Called Strike
0-1: SINGLE (Groundball, 56D, EV 99.4 MPH)
Kevyn O'Flynn scores
Roshown Guillen to second
Batting: RHB Sean Groom 0-0: Grounds into double play, 5-4-3 (Groundball, 56D, EV 98.1 MPH)
Bottom of the 2nd over - 1 run, 2 hits, 0 errors, 1 left on base; Allentown 1 - Quebec 1
TOP OF THE 3RD
Allentown A's batting - Pitching for Quebec Fighting Quakers : RHP Ky Forbes
Batting: LHB Rufus Cartellieri 0-0: Ball
1-0: SOLO HOME RUN (Flyball, 9D, EV 95.0 MPH), Distance : 341 ft
Batting: RHB Tracy Wick 0-0: DOUBLE (Groundball, 5L, EV 101.9 MPH)
Batting: SHB Gage Wilson 0-0: Ball
1-0: Ball
2-0: Foul Ball, location: 2F
2-1: Fly out, F9 (Flyball, 89M, EV 84.4 MPH)
Batting: LHB Spencer Murdock 0-0: 2-RUN HOME RUN (Flyball, 9D, EV 95.0 MPH), Distance : 366 ft
Batting: RHB Logan Barbee 0-0: Ball
1-0: Ball
2-0: Ball
3-0: Ground out 6-3 (Groundball, 56, EV 101.2 MPH)
Batting: LHB Cole Marshall 0-0: Called Strike
0-1: Swinging Strike
0-2: SINGLE (Groundball, 56D, EV 110.6 MPH)
Batting: RHB John Jones 0-0: Ball
1-0: Ball
2-0: Ball
3-0: Called Strike
3-1: SINGLE (Line Drive, 4MD, EV 95.0 MPH)
Cole Marshall to second
Batting: LHB Beau Jindrisek 0-0: Called Strike
0-1: Called Strike
0-2: Ball
1-2: Ball
2-2: Fly out, F3 (Popup, 34, EV 60.0 MPH)
Top of the 3rd over - 3 runs, 5 hits, 0 errors, 2 left on base; Allentown 4 - Quebec 1
BOTTOM OF THE 3RD
Quebec Fighting Quakers batting - Pitching for Allentown A's : RHP Dylon Jenkins
Batting: RHB Kyle Long 0-0: Ball
1-0: Foul Ball, location: 2F
1-1: Ball
2-1: Ground out 5-3 (Groundball, 56, EV 86.2 MPH)
Batting: LHB Hazen Jimenez 0-0: Called Strike
0-1: Swinging Strike
0-2: SINGLE (Line Drive, 7S, EV 113.1 MPH)
Batting: LHB Kaleb Roelofs 0-0: Ball
1-0: Ball
2-0: Ball
3-0: Grounds into double play, 4-6-3 (Groundball, 4M, EV 101.9 MPH)
Bottom of the 3rd over - 0 runs, 1 hit, 0 errors, 0 left on base; Allentown 4 - Quebec 1
TOP OF THE 4TH
Allentown A's batting - Pitching for Quebec Fighting Quakers : RHP Ky Forbes
Batting: RHB Freeman Chavez 0-0: SINGLE (Line Drive, 78S, EV 105.6 MPH)
Batting: LHB Rufus Cartellieri 0-0: Foul Ball, location: 2F
0-1: Ball
1-1: Swinging Strike
1-2: Strikes out swinging
Batting: RHB Tracy Wick 0-0: Called Strike
0-1: Ball
1-1: Foul Ball, location: 2F
1-2: Ball
2-2: Strikes out swinging
Batting: SHB Gage Wilson 0-0: Ball
1-0: Ball
2-0: Ball
3-0: Called Strike
3-1: Foul Ball, location: 2F
3-2: SINGLE (Groundball, 4MD, EV 98.1 MPH)
Freeman Chavez to second
Freeman Chavez to third
Batting: LHB Spencer Murdock 0-0: Foul Ball, location: 2F
0-1: Foul Ball, location: 2F
0-2: Ball
1-2: Ball
2-2: Fly out, F7 (Flyball, 7S, EV 90.0 MPH)
Top of the 4th over - 0 runs, 2 hits, 0 errors, 2 left on base; Allentown 4 - Quebec 1
BOTTOM OF THE 4TH
Quebec Fighting Quakers batting - Pitching for Allentown A's : RHP Dylon Jenkins
Batting: RHB Evan Bocian 0-0: Called Strike
0-1: Called Strike
0-2: Foul Ball, location: 2F
0-2: Ball
1-2: Fly out, F9 (Line Drive, 9D, EV 106.2 MPH)
Batting: LHB Kevyn O'Flynn 0-0: Ball
1-0: SINGLE (Groundball, P, EV 87.5 MPH) (infield hit)
Batting: RHB TeMarcus Turner 0-0: Called Strike
0-1: Ball
1-1: Ball
2-1: Ball
3-1: Called Strike
3-2: Fly out, F5 (Popup, 5F, EV 75.0 MPH)
Batting: LHB Roshown Guillen 0-0: Called Strike
0-1: Ball
1-1: Ball
2-1: Ball
3-1: Called Strike
3-2: Foul Ball, location: 2F
3-2: Foul Ball, location: 2F
3-2: Base on Balls
Kevyn O'Flynn to second
Batting: RHB Andy Christman 0-0: Called Strike
0-1: Swinging Strike
0-2: Ball
1-2: Strikes out swinging
Bottom of the 4th over - 0 runs, 1 hit, 0 errors, 2 left on base; Allentown 4 - Quebec 1
TOP OF THE 5TH
Allentown A's batting - Pitching for Quebec Fighting Quakers : RHP Ky Forbes
Batting: RHB Logan Barbee 0-0: Ball
1-0: Ground out 4-3 (Groundball, 4M, EV 85.6 MPH)
Batting: LHB Cole Marshall 0-0: Foul Ball, location: 2F
0-1: Hit by Pitch
Batting: RHB John Jones 0-0: Called Strike
0-1: Ball
1-1: Fielders Choice at 2nd, 6-4 (Groundball, 56, EV 86.9 MPH)
Batting: LHB Beau Jindrisek 0-0: Ball
1-0: Ball
John Jones steals 2nd base
2-0: Ball
3-0: Base on Balls
Batting: RHB Freeman Chavez 0-0: Ball
1-0: Foul Ball, location: 2F
1-1: Ball
2-1: Ball
3-1: Swinging Strike
3-2: Foul Ball, location: 2F
3-2: Strikes out swinging
Top of the 5th over - 0 runs, 0 hits, 0 errors, 2 left on base; Allentown 4 - Quebec 1
BOTTOM OF THE 5TH
Quebec Fighting Quakers batting - Pitching for Allentown A's : RHP Dylon Jenkins
Batting: RHB Sean Groom 0-0: Called Strike
0-1: Ball
1-1: Ball
2-1: SINGLE (Groundball, 4MD, EV 101.9 MPH)
Pitching: RHP Donald Robinson
Batting: RHB Kyle Long 0-0: Ball
1-0: Sac Bunt to 13S - play at first, batter OUT! 1-3
Sean Groom to second
Batting: LHB Hazen Jimenez 0-0: Ball
1-0: Ball
2-0: Ground out 6-3 (Groundball, 6, EV 98.1 MPH)
Batting: LHB Kaleb Roelofs 0-0: Ball
1-0: Called Strike
1-1: Ball
2-1: Ball
3-1: Foul Ball, location: 2F
3-2: Strikes out swinging
Bottom of the 5th over - 0 runs, 1 hit, 0 errors, 1 left on base; Allentown 4 - Quebec 1
TOP OF THE 6TH
Allentown A's batting - Pitching for Quebec Fighting Quakers : RHP Ky Forbes
Batting: LHB Rufus Cartellieri 0-0: Called Strike
0-1: Ball
1-1: Called Strike
1-2: Strikes out looking
Batting: RHB Tracy Wick 0-0: Ball
1-0: Swinging Strike
1-1: Foul Ball, location: 2F
1-2: Ball
2-2: Foul Ball, location: 2F
2-2: Strikes out looking
Batting: SHB Gage Wilson 0-0: Swinging Strike
0-1: Swinging Strike
0-2: Strikes out looking
Top of the 6th over - 0 runs, 0 hits, 0 errors, 0 left on base; Allentown 4 - Quebec 1
BOTTOM OF THE 6TH
Quebec Fighting Quakers batting - Pitching for Allentown A's : RHP Donald Robinson
Batting: RHB Evan Bocian 0-0: Called Strike
0-1: Ball
1-1: Ground out 1-3 (Groundball, 34S, EV 68.1 MPH)
Batting: LHB Kevyn O'Flynn 0-0: Called Strike
0-1: Ball
1-1: Ball
2-1: Fly out, F8 (Flyball, 8LXD, EV 99.4 MPH)
Batting: RHB TeMarcus Turner 0-0: SOLO HOME RUN (Flyball, 78XD, EV 104.4 MPH), Distance : 410 ft
Batting: LHB Roshown Guillen 0-0: Foul Ball, location: 2F
0-1: Foul Ball, location: 2F
0-2: Foul Ball, location: 2F
0-2: DOUBLE (Flyball, 89XD, EV 103.1 MPH)
Batting: RHB Andy Christman 0-0: SINGLE (Line Drive, 89S, EV 90.0 MPH)
Roshown Guillen to third
Runner from 3rd tries for Home, SAFE, throw by RF to home
Batting: RHB Sean Groom 0-0: Foul Ball, location: 2F
0-1: Called Strike
0-2: Ball
1-2: Ball
2-2: Foul Ball, location: 2F
2-2: Ground out U3 (Groundball, 34, EV 98.8 MPH)
Bottom of the 6th over - 2 runs, 3 hits, 0 errors, 1 left on base; Allentown 4 - Quebec 3
TOP OF THE 7TH
Allentown A's batting - Pitching for Quebec Fighting Quakers : RHP Ky Forbes
Pitching: LHP Dolan Porter
Batting: LHB Spencer Murdock 0-0: Called Strike
0-1: Ball
1-1: Hit by Pitch
Batting: RHB Logan Barbee 0-0: Fly out, F8 (Flyball, 8LM, EV 83.1 MPH)
Batting: LHB Cole Marshall 0-0: Foul Ball, location: 2F
0-1: Ball
1-1: Ball
2-1: Ball
3-1: Base on Balls
Spencer Murdock to second
Batting: RHB John Jones 0-0: Foul Ball, location: 2F
0-1: Grounds into double play, 6-4-3 (Groundball, 6, EV 100.0 MPH)
Top of the 7th over - 0 runs, 0 hits, 0 errors, 1 left on base; Allentown 4 - Quebec 3
BOTTOM OF THE 7TH
Quebec Fighting Quakers batting - Pitching for Allentown A's : RHP Donald Robinson
Batting: RHB Kyle Long 0-0: Ball
1-0: Ground out 5-3 (Groundball, 56, EV 77.5 MPH)
Batting: LHB Hazen Jimenez 0-0: Ball
1-0: Foul Ball, location: 2F
1-1: Foul Ball, location: 2F
1-2: Ball
2-2: Foul Ball, location: 2F
2-2: Strikes out swinging
Batting: LHB Kaleb Roelofs 0-0: Fly out, F7 (Flyball, 7S, EV 83.8 MPH)
Bottom of the 7th over - 0 runs, 0 hits, 0 errors, 0 left on base; Allentown 4 - Quebec 3
TOP OF THE 8TH
Allentown A's batting - Pitching for Quebec Fighting Quakers : LHP Dolan Porter
Batting: LHB Beau Jindrisek 0-0: Foul Ball, location: 2F
0-1: Called Strike
0-2: Ball
1-2: Ball
2-2: Ball
3-2: Foul Ball, location: 2F
3-2: Foul Ball, location: 2F
3-2: Foul Ball, location: 2F
3-2: Foul Ball, location: 2F
3-2: Foul Ball, location: 2F
3-2: Foul Ball, location: 2F
3-2: Foul Ball, location: 2F
3-2: Foul Ball, location: 2F
3-2: Foul Ball, location: 2F
3-2: Base on Balls
Batting: RHB Freeman Chavez 0-0: Sac Bunt to 2L - play at first, batter OUT! 2-3
Beau Jindrisek to second
Batting: LHB Rufus Cartellieri 0-0: Called Strike
0-1: Ball
1-1: Ball
2-1: Foul Ball, location: 2F
2-2: Strikes out looking
Batting: RHB Tracy Wick 0-0: Called Strike
0-1: Called Strike
0-2: Ball
1-2: Strikes out swinging
Top of the 8th over - 0 runs, 0 hits, 0 errors, 1 left on base; Allentown 4 - Quebec 3
BOTTOM OF THE 8TH
Quebec Fighting Quakers batting - Pitching for Allentown A's : RHP Donald Robinson
Pitching: RHP Alonzo Young
Batting: RHB Evan Bocian 0-0: Foul Ball, location: 2F
0-1: Ground out 6-3 (Groundball, 56, EV 85.6 MPH)
Batting: LHB Kevyn O'Flynn 0-0: Ball
1-0: SINGLE (Line Drive, 78S, EV 88.8 MPH)
Batting: RHB TeMarcus Turner 0-0: Foul Ball, location: 2F
0-1: Foul Ball, location: 2F
0-2: Foul Ball, location: 2F
0-2: Ball
1-2: Strikes out looking
Batting: LHB Roshown Guillen 0-0: Ball
1-0: Swinging Strike
1-1: Swinging Strike
1-2: Ball
2-2: Strikes out swinging
Bottom of the 8th over - 0 runs, 1 hit, 0 errors, 1 left on base; Allentown 4 - Quebec 3
TOP OF THE 9TH
Allentown A's batting - Pitching for Quebec Fighting Quakers : LHP Dolan Porter
Batting: SHB Gage Wilson 0-0: Ball
1-0: Ball
2-0: Foul Ball, location: 2F
2-1: Foul Ball, location: 2F
2-2: Foul Ball, location: 2F
2-2: Ball
3-2: SINGLE (Line Drive, 9S, EV 112.5 MPH)
Pitching: RHP Gavin Pool
Batting: LHB Spencer Murdock 0-0: Ball
1-0: Called Strike
1-1: Ball
2-1: Foul Ball, location: 2F
2-2: SINGLE (Line Drive, 5D, EV 95.6 MPH)
Gage Wilson to second
Batting: RHB Logan Barbee 0-0: Ball
1-0: Called Strike
1-1: Foul Ball, location: 2F
1-2: Strikes out swinging
Batting: LHB Cole Marshall 0-0: Called Strike
0-1: Swinging Strike
0-2: Strikes out looking
Batting: RHB John Jones 0-0: Ball
1-0: Foul Ball, location: 2F
1-1: Ball
2-1: Fly out, F6 (Line Drive, 6M, EV 68.8 MPH)
Top of the 9th over - 0 runs, 2 hits, 0 errors, 2 left on base; Allentown 4 - Quebec 3
BOTTOM OF THE 9TH
Quebec Fighting Quakers batting - Pitching for Allentown A's : RHP Alonzo Young
Pitching: RHP J.R. Naples
Batting: RHB Andy Christman 0-0: Foul Ball, location: 2F
0-1: Foul Ball, location: 2F
0-2: Foul Ball, location: 2F
0-2: Foul Ball, location: 2F
0-2: Ball
1-2: Foul Ball, location: 2F
1-2: Foul Ball, location: 2F
1-2: Ball
2-2: Strikes out swinging, 2-3 out at first.
Batting: RHB Sean Groom 0-0: Called Strike
0-1: Swinging Strike
0-2: Strikes out swinging
Pinch Hitting: LHB Neil Fedunina 0-0: Fly out, F9 (Line Drive, 89M, EV 90.0 MPH)
Bottom of the 9th over - 0 runs, 0 hits, 0 errors, 0 left on base; Allentown 4 - Quebec 3
Monday, April 29th , 2024 - OOTP Baseball 23.10 Build 110